 Dungeon Crawl Stone Soup version 0.17-a0-2208-ge5ab1d3 (webtiles) character file.

228 fredomojojo the Poker (level 5, -26/46 HPs)
             Began as a Minotaur Gladiator on Oct 26, 2015.
             Engulfed by a cloud of flame (36 damage)
             ... on level 2 of the Dungeon.
             The game lasted 00:48:27 (1668 turns).

fredomojojo the Poker (Minotaur Gladiator)          Turns: 1668, Time: 00:48:27

Health: -26/46     AC:  8    Str: 21    XL:     5   Next: 71%
Magic:  13/13      EV: 17    Int:  4    God:
Gold:   79         SH:  0    Dex: 16    Spells: 0 memorised, 4 levels left

rFire  . . .     SeeInvis .     g - +0 scythe
rCold  . . .     Clarity  .     y - +0 scale mail
rNeg   . . .     SustAt   .     (no shield)
rPois  .         Gourm    .     c - +0 hat
rElec  .         Spirit   .     o - +0 cloak
rCorr  .         Warding  .     (no gloves)
rMut   .         Stasis   .     (no boots)
MR     .....                    (no amulet)
Stlth  +.........               (no ring)
                                f - ring of magical power

@: agile, not resistant to hostile enchantments, very unstealthy
A: retaliatory headbutt, horns 2
a: no special abilities


You were on level 2 of the Dungeon.
You were not hungry.

You visited 1 branch of the dungeon, and saw 3 of its levels.

You collected 79 gold pieces.

Inventory:

Hand Weapons
 a - a +0 trident
 g - a +0 scythe (weapon)
 j - a +0 club
 l - a +0 mace
 t - a +0 flail
 B - a -3 hunting sling
Missiles
 d - 3 throwing nets (quivered)
 h - 46 stones
 r - 6 arrows of flame
 A - 10 poisoned needles
 I - 29 bolts
Armour
 b - a +0 leather armour
 c - a +0 hat (worn)
 o - a +0 cloak (worn)
 y - a +0 scale mail (worn)
 E - a +0 robe
Jewellery
 f - a ring of magical power (left hand)
 u - an uncursed ring of loudness
Wands
 F - a wand of random effects (27)
Scrolls
 i - a scroll of teleportation
 n - 3 scrolls of blinking
 x - a scroll of amnesia
 G - a scroll of recharging {unknown}
 H - a scroll of identify
Potions
 q - a potion of ambrosia {unknown}
 s - 2 potions of might
 v - a potion of resistance {unknown}
 z - a potion of magic {unknown}
 C - a potion of flight {unknown}
Miscellaneous
 k - a plain deck of defence {drawn: 2}
Comestibles
 e - 2 bread rations
 m - a slice of pizza
 p - a royal jelly
 w - a chunk of flesh


   Skills:
 * Level 3.9 Fighting
 + Level 4.6 Polearms
 + Level 2.6 Throwing
 * Level 3.7 Armour
 + Level 4.1 Dodging


You had 4 spell levels left.
You didn't know any spells.

Dungeon Overview and Level Annotations

Branches:
Dungeon (3/15)

Altars:
Cheibriados
Nemelex Xobeh

Annotations:
D:2 Robin


Innate Abilities, Weirdness & Mutations

You reflexively headbutt those who attack you in melee.
You have a pair of horns on your head.


Message History

You feel a little less mighty now.
Some of the chunks of flesh in your inventory have rotted away.
The goblin shouts!
A goblin comes into view.
A goblin comes into view. It is wielding a dagger.
As you read the scroll labeled LISAUD EZAS, it crumbles to dust.
The creatures around you are filled with an inner flame!
It was a scroll of immolation.
Robin shouts!
Robin roars a battlecry!
The goblins go into a battle-frenzy!
You barely miss the goblin. You headbutt the goblin.
The goblin explodes!
The fiery explosion engulfs the goblin.
The goblin explodes!
The fiery explosion engulfs you!
* * * LOW HITPOINT WARNING * * *
You are engulfed in roaring flames.
Ouch! That really hurt!
You die...

.# #.#.### #.........##.#
#####.#.# #...#.....##.########
......#.#####...g.....#..........
#####.#....####....####..########
# #.###...###g..<# #..# #
#.......†..§.§.# #.## #
#.###...####.### #.# # #.#
##.#####§### ##.## # #.#
#...%.§@§.###...# # #.#
##..%...........#
#####.#####.####.#.##....#
)..)....(##.####.#.##.#%## ####
#####.##.........#.##.#.# #...
#.#...####g######.##.#.######...
#..#......# #.##.#..........
##.##.##### #...............
#..#..###############.#######..


You could see Robin (inner flame) and a goblin (frenzied).

Vanquished Creatures
  Sigmund (D:2)
  2 adders (D:3)
  An ooze (D:1)
  A giant gecko (D:2)
  5 giant cockroaches
  13 goblins
  6 hobgoblins
  2 jackals (D:2)
  2 ball pythons
  6 bats
  2 giant newts (D:1)
  5 kobolds (D:1)
  6 rats
52 creatures vanquished.

Notes
Turn   | Place    | Note
--------------------------------------------------------------
     0 | D:1      | fredomojojo the Minotaur Gladiator began the quest for the Orb.
     0 | D:1      | Reached XP level 1. HP: 18/18 MP: 0/0
   107 | D:1      | Reached skill level 4 in Polearms
   107 | D:1      | Reached XP level 2. HP: 25/25 MP: 1/1
   214 | D:1      | Reached skill level 1 in Armour
   490 | D:2      | Noticed Robin
   492 | D:2      | Reached XP level 3. HP: 30/30 MP: 2/2
   512 | D:2      | Noticed Sigmund
   965 | D:2      | Found a snail-covered altar of Cheibriados.
  1223 | D:2      | Found a sparkling altar of Nemelex Xobeh.
  1529 | D:3      | Reached XP level 4. HP: 11/38 MP: 3/3
  1634 | D:2      | Drew Focus: Str increased to 21, Int decreased to 4
  1641 | D:2      | Killed Sigmund
  1641 | D:2      | Reached XP level 5. HP: 24/46 MP: 4/4
  1668 | D:2      | Engulfed by a cloud of flame

Vault maps used:
D:1:      dpeg_arrival_windows_large_door, st_stairs_12
D:2:      overflow_temple_1_default, nemelex_deck, first_bread, uniq_sigmund,
          uniq_robin
D:3:      nicolae_overflow_hidden_temple

Action                   |  1- 3 |  4- 6 || total
-------------------------+-------+-------++-------
Melee: Trident           |   137 |     6 ||   143
       Scythe            |       |     1 ||     1
Throw: Stone             |    23 |       ||    23
       Throwing net      |       |     1 ||     1
Evoke: Wand              |     1 |       ||     1
       Deck              |       |     2 ||     2
  Use: Scroll            |     5 |     2 ||     7
       Potion            |       |     3 ||     3
  Eat: Chunk             |     2 |     1 ||     3
